AoeStats
← XxRauwAlejandroxX

QS Arena

503523173Analyzed
4v4 RM · 1mo ago on Sep 1, 2026· 57m 5s· 8 players
Game mode
Random Map
Map size
Large (8 player)
Population
200
Speed
Normal
Resources
Standard
Victory
Conquest
Starting age
Dark Age
Ending age
Imperial Age
RankedLock teamsTeams togetherTeam positionsShared explorationLock speedFull tech treeHidden civsTurbo modeCheats
Victory
Defeat
🇺🇸 Britons · United States
1090
+13
🇻🇳 Teutons · Vietnam
1056
+15
🇲🇽 Persians · Mexico
1016
+17
🇲🇽 Japanese · Mexico
838
+24
🇨🇱 Bengalis · Chile
1052
-18
🇦🇷 Teutons · Argentina
1042
-18
🇨🇳 Jurchens · China
1034
-18
🇲🇽 Britons · Mexico
1004
-16
Joker
9:18 Feudal Age
8:02 Loom
11:41 Wheelbarrow
14:55 Castle Age
13:09 Double-Bit Axe
13:30 Gold Mining
13:53 Horse Collar
15:11 Stone Mining
16:19 Forging
16:14 Town Watch
17:52 Bloodlines
27:27 Iron Casting
29:24 Imperial Age
28:14 Husbandry
29:34 Gold Shaft Mining
29:01 Heavy Plow
28:47 Light Cavalry
30:03 Scale Barding Armor
Moscato
5:23 Loom
8:38 Feudal Age
9:59 Fletching
11:03 Forging
35:40 Double-Bit Axe
37:49 Gold Mining
37:46 Horse Collar
38:16 Scale Mail Armor
40:37 Castle Age
40:44 Castle Age
39:26 Arson
39:57 Man-at-Arms
41:46 Squires
42:06 Chain Mail Armor
42:05 Heavy Plow
43:14 Iron Casting
43:01 Bow Saw
45:34 Wheelbarrow
45:45 Gambesons
49:23 Imperial Age
46:39 Town Watch
47:41 Long Swordsman
50:40 Plate Mail Armor
52:57 Blast Furnace
53:29 Crop Rotation
54:06 Elite Teutonic Knight
ignacio.vgl
0:39 Loom
10:09 Feudal Age
10:53 Double-Bit Axe
17:33 Castle Age
16:32 Stone Mining
16:29 Horse Collar
16:42 Gold Mining
17:32 Town Watch
18:27 Wheelbarrow
19:49 Bow Saw
28:14 Imperial Age
26:34 Padded Archer Armor
26:28 Fletching
26:56 Heavy Plow
27:25 Ballistics
28:46 Leather Archer Armor
28:35 Bodkin Arrow
29:26 Conscription
29:10 Murder Holes
30:20 Gold Shaft Mining
29:50 Pikeman
30:48 Hand Cart
30:21 Treadmill Crane
31:46 Elite Longbowman
32:58 Town Patrol
33:51 Bracer
34:23 Ring Archer Armor
34:19 Yeomen
34:39 Scale Mail Armor
34:49 Forging
34:52 Fortified Wall
35:54 Hoardings
35:06 Halberdier
35:46 Squires
35:33 Gambesons
40:17 Two-Man Saw
39:41 Crossbowman
39:42 Elite Skirmisher
41:25 Chemistry
40:42 Chain Mail Armor
41:03 Iron Casting
41:41 Squires
41:27 Arson
43:51 Plate Mail Armor
44:23 Blast Furnace
43:15 Heated Shot
44:20 Warwolf
44:31 Onager
45:38 Arbalester
51:15 Capped Ram
Don Wea
8:26 Feudal Age
7:28 Loom
12:21 Castle Age
12:26 Double-Bit Axe
18:44 Horse Collar
19:15 Bow Saw
19:49 Gold Mining
19:50 Stone Mining
21:16 Gold Shaft Mining
26:42 Imperial Age
24:02 Treadmill Crane
24:31 Scale Barding Armor
24:36 Forging
25:14 Wheelbarrow
26:43 Iron Casting
26:29 Chain Barding Armor
26:29 Husbandry
26:40 Bloodlines
27:10 Hand Cart
27:00 Elite Battle Elephant
28:56 Blast Furnace
29:06 Plate Barding Armor
29:42 Two-Man Saw
29:13 Fervor
30:47 Heavy Plow
31:25 Conscription
34:15 Paiks
40:45 Mahayana
43:08 Crop Rotation
47:48 Fletching
47:59 Padded Archer Armor
48:30 Bodkin Arrow
48:26 Elite Ratha (Ranged)
49:24 Leather Archer Armor
49:48 Bracer
50:51 Chemistry
51:16 Ring Archer Armor
Silicio14Si
6:28 Loom
9:23 Feudal Age
15:29 Castle Age
14:56 Horse Collar
15:03 Double-Bit Axe
18:22 Wheelbarrow
17:58 Heavy Plow
21:26 Forging
22:06 Gold Mining
22:44 Scale Barding Armor
23:29 Hand Cart
23:18 Stone Mining
26:10 Gold Shaft Mining
26:12 Town Watch
27:20 Bow Saw
27:25 Bloodlines
27:16 Husbandry
27:59 Iron Casting
27:25 Scale Mail Armor
27:48 Chain Barding Armor
30:19 Imperial Age
28:18 Fletching
30:07 Cavalier
31:26 Plate Barding Armor
31:52 Blast Furnace
30:53 Padded Archer Armor
31:57 Ballistics
32:38 Chemistry
31:22 Crossbowman
32:11 Thumb Ring
32:50 Kamandaran
33:14 Pikeman
34:37 Bodkin Arrow
34:58 Leather Archer Armor
35:21 Conscription
35:09 Savar
35:56 Halberdier
36:39 Scale Mail Armor
38:35 Chain Mail Armor
43:03 Masonry
44:21 Plate Mail Armor
44:23 Ring Archer Armor
49:19 Squires
49:04 Arson
Steppo
3:01 Loom
9:58 Feudal Age
10:51 Double-Bit Axe
10:48 Horse Collar
17:57 Castle Age
17:47 Gold Mining
17:49 Stone Mining
18:15 Fletching
20:44 Gold Shaft Mining
20:23 Bow Saw
20:17 Heavy Plow
20:33 Crossbowman
20:52 Pikeman
22:20 Squires
24:40 Bodkin Arrow
24:46 Scale Mail Armor
24:57 Forging
25:55 Ballistics
25:40 Padded Archer Armor
25:28 Light Cavalry
28:28 Town Watch
29:20 Wheelbarrow
29:25 Husbandry
29:35 Scale Barding Armor
33:33 Imperial Age
33:49 Leather Archer Armor
34:10 Iron Casting
33:50 Chain Mail Armor
33:55 Chain Barding Armor
35:18 Hand Cart
37:53 Elite Skirmisher
38:36 Bracer
39:06 Ring Archer Armor
39:03 Masonry
39:04 Fortified Wall
39:17 Conscription
39:20 Yeomen
40:30 Hoardings
40:42 Siege Engineers
43:26 Hoardings
47:30 Two-Man Saw
XxRauwAlejandroxX
0:48 Loom
9:03 Feudal Age
9:49 Double-Bit Axe
10:42 Wheelbarrow
13:08 Gold Mining
13:11 Stone Mining
14:35 Man-at-Arms
39:16 Forging
39:07 Scale Mail Armor
39:14 Horse Collar
43:11 Castle Age
43:10 Arson
44:01 Squires
44:41 Iron Casting
44:24 Chain Mail Armor
44:09 Pikeman
45:29 Heavy Plow
45:51 Bow Saw
47:09 Hand Cart
47:53 Gambesons
49:17 Gold Shaft Mining
58:14 Imperial Age
anhdeptraibd
0:54 Loom
9:45 Feudal Age
14:43 Castle Age
13:42 Horse Collar
13:48 Double-Bit Axe
25:21 Bow Saw
25:12 Heavy Plow
25:50 Wheelbarrow
31:16 Imperial Age
29:02 Hand Cart
29:09 Pikeman
29:50 Squires
29:35 Arson
30:00 Scale Mail Armor
30:11 Forging
32:18 Chain Mail Armor
32:38 Iron Casting
31:27 Halberdier
33:09 Two-Man Saw
32:40 Crop Rotation
33:22 Fortified Wall
34:27 Plate Mail Armor
42:00 Blast Furnace
40:50 Fletching
41:22 Conscription
44:36 Man-at-Arms
45:02 Gambesons
46:41 Cavalier
47:32 Bloodlines
47:28 Scale Barding Armor
48:06 Hoardings
47:52 Paladin
48:53 Chain Barding Armor
52:29 Plate Barding Armor
55:27 Siege Engineers
55:44 Ballistics
56:25 Chemistry
55:36 Masonry
55:23 Bodkin Arrow
Connection lost

Rejoining the realm…

Still unreachable

The connection could not be restored.

Session expired

The server has moved on; the page needs a fresh start.